 Dungeon Crawl Stone Soup version 0.31-a0-174-g85c54bcb58 (webtiles) character file.

Game seed: 191246422332932081

30 qw the Shooter (level 3, -1/32 HPs)
             Began as a Naga Hunter on June 15, 2023.
             Slain by Grinder (10 damage)
             ... on level 3 of the Dungeon.
             The game lasted 00:00:22 (982 turns).

qw the Shooter (Naga Hunter)                         Turns: 982, Time: 00:00:23

Health: -1/32      AC:  3    Str: 13    XL:     3   Next: 18%
Magic:  3/3        EV:  9    Int:  9    God:
Gold:   45         SH:  0    Dex: 16    Spells: 2/2 levels left

rFire   . . .        Y - +0 shortbow
rCold   . . .        (shield currently unavailable)
rNeg    . . .        c - +0 leather armour
rPois   +            a - +0 helmet
rElec   .            (no cloak)
rCorr   .            (no gloves)
SInv    +            (no barding)
Will    .....        (no amulet)
Stlth   ++           (no ring)
HPRegen 0.25/turn    (no ring)
MPRegen 0.08/turn

%: no passive effects
@: very slow
A: AC +1, large, see invisible, deformed body, poison resistance, slowness 2,
spit poison 1, naga tail 1
a: Spit Poison


You were on level 3 of the Dungeon.
You visited 1 branch of the dungeon, and saw 3 of its levels.

You collected 45 gold pieces.


Innate Abilities, Weirdness & Mutations

Your serpentine skin is tough. (AC +1)
You have supernaturally acute eyesight. (SInv)
Armour fits poorly on your strangely shaped body.
Your system is resistant to poisons. (rPois)
You cover ground very slowly.
You can spit poison.
You have a snake-like lower body.


   Skills:
 - Level 2.0 Fighting
 + Level 4.5 Ranged Weapons
 - Level 1.5 Dodging
 - Level 1.5 Stealth


You had 2 spell levels left.
You didn't know any spells.
Your spell library was empty.

Inventory:

Hand Weapons
 Y - a +0 shortbow (weapon)
Armour
 a - a +0 helmet (worn)
 c - a +0 leather armour (worn)
Potions
 b - a potion of heal wounds {unknown}
 e - a potion of curing {unknown}

Dungeon Overview and Level Annotations

Branches:
Dungeon (3/15)

Altars:

Annotations:
D:3 1 transporter, Grinder


Message History

It was a scroll of fog.
Done exploring.
(D) Dungeon
Where to? (* - list waypoints, Enter - D:2, ? - help)
What level of the Dungeon? (default 1, ? - help)
There is a stone staircase leading down here.
You climb downwards.
Found a short sword and 4 large rocks.
There is a stone staircase leading up here.
Waypoint 2 assigned to D:3.
The rat twitches its whiskers.
Grinder and a bat come into view.
Grinder gestures at you.
You suddenly lose the ability to move!
You can move again.
975 ||| INVOKING Spit Poison.
Aiming: Spit Poison (2% risk of failure)
Press: ? - help, Shift-Dir - straight line, f - bat The splash of poison hits the bat.
The bat is poisoned.
The bat is moderately wounded.
You shoot an arrow. The arrow hits Grinder.
Grinder is lightly wounded.
You kill the bat!
Grinder hits you but does no damage.
You shoot an arrow. The arrow barely misses Grinder.
Grinder hits you.
You writhe in agony.
You shoot an arrow. The arrow closely misses Grinder.
Grinder barely misses you.
You shoot an arrow. The arrow barely misses Grinder.
You have got your breath back.
Grinder hits you!
You writhe in agony.
You shoot an arrow. The arrow hits Grinder!
Grinder is moderately wounded.
Grinder gestures at you.
You suddenly lose the ability to move!
Grinder hits you!
You writhe in agony.
Grinder hits you but does no damage.
You can move again.
You shoot an arrow. The arrow closely misses Grinder.
Grinder hits you!
You die...

............#
...........#
...........
........
...... #...#
####.##...#
......5@..#
####.###..#
####.###..#
.).....<..#
......(...#
..........#
.###........
...........
..............


You could see Grinder.

Vanquished Creatures
  A worm (D:2)
  3 endoplasms
  A giant cockroach (D:1)
  3 goblins
  A hobgoblin (D:1)
  3 jackals (D:1)
  2 quokkas
  3 ball pythons (D:1)
  3 bats
  3 frilled lizards
  2 rats
25 creatures vanquished.

Notes
Turn   | Place    | Note
-------+----------+-------------------------------------------
     0 | D:1      | qw the Naga Hunter began the quest for the Orb.
     0 | D:1      | Reached XP level 1. HP: 19/19 MP: 1/1
     0 | D:1      | 0 ||| qw: Version: 0.2-a-29-g511e9b1
     0 | D:1      | 0 ||| qw: Game counter: 5399
     0 | D:1      | 0 ||| qw: Always use a shield: true
     0 | D:1      | 0 ||| qw: God list: Okawaru
     0 | D:1      | 0 ||| qw: Allow faded altars: false
     0 | D:1      | 0 ||| qw: Do Orc after D:15 true
     0 | D:1      | 0 ||| qw: Do second Lair branch before Depths: true
     0 | D:1      | 0 ||| qw: Lair rune preference: random
     0 | D:1      | 0 ||| qw: Plans: Normal
     0 | D:1      | 0 ||| PLANNING D:1-11
    25 | D:1      | 25 ||| INVOKING Spit Poison.
    29 | D:1      | 29 ||| INVOKING Spit Poison.
    37 | D:1      | 37 ||| INVOKING Spit Poison.
    72 | D:1      | 72 ||| INVOKING Spit Poison.
    77 | D:1      | Found a faded altar of an unknown god.
    79 | D:1      | 79 ||| INVOKING Spit Poison.
    80 | D:1      | 80 ||| INVOKING Spit Poison.
    84 | D:1      | 84 ||| INVOKING Spit Poison.
    96 | D:1      | 96 ||| INVOKING Spit Poison.
    97 | D:1      | Reached skill level 4 in Ranged Weapons
    97 | D:1      | Reached XP level 2. HP: 26/26 MP: 2/2
   136 | D:1      | 136 ||| INVOKING Spit Poison.
   140 | D:1      | 140 ||| INVOKING Spit Poison.
   209 | D:1      | 209 ||| INVOKING Spit Poison.
   277 | D:1      | 277 ||| INVOKING Spit Poison.
   387 | D:1      | 387 ||| INVOKING Spit Poison.
   402 | D:1      | 402 ||| INVOKING Spit Poison.
   406 | D:1      | 406 ||| INVOKING Spit Poison.
   409 | D:1      | 409 ||| INVOKING Spit Poison.
   412 | D:1      | 412 ||| INVOKING Spit Poison.
   419 | D:1      | 419 ||| INVOKING Spit Poison.
   512 | D:1      | 512 ||| INVOKING Spit Poison.
   514 | D:1      | 514 ||| READING scroll labelled IHAEQ FEDWE.
   515 | D:1      | 515 ||| DROPPING scroll of butterflies.
   554 | D:2      | 554 ||| INVOKING Spit Poison.
   602 | D:2      | 602 ||| INVOKING Spit Poison.
   617 | D:2      | 617 ||| INVOKING Spit Poison.
   620 | D:2      | 620 ||| INVOKING Spit Poison.
   622 | D:2      | Reached XP level 3. HP: 32/32 MP: 3/3
   872 | D:2      | 872 ||| INVOKING Spit Poison.
   885 | D:2      | 885 ||| INVOKING Spit Poison.
   936 | D:2      | 936 ||| UPGRADING to +0 helmet.
   941 | D:2      | 941 ||| READING scroll labelled WEYBUT ODDA.
   942 | D:2      | 942 ||| READING scroll labelled MORIMO KAHO.
   965 | D:3      | Found a transporter.
   970 | D:3      | Noticed Grinder
   970 | D:3      | Paralysed by Grinder for 5 turns
   975 | D:3      | 975 ||| INVOKING Spit Poison.
   980 | D:3      | Paralysed by Grinder for 2 turns
   980 | D:3      | HP: 8/32 [Grinder (2)]
   982 | D:3      | Slain by Grinder

Levels and vault maps discovered:
D:1:      ebering_trefoil_3fold, layout_rooms, hellmonk_ecumenical_altar_blasted
D:2:      layout_rooms, minmay_pentomino_q2
D:3:      layout_basic, mainiacjoe_overflow_paths, serial_forest,
          infiniplex_forest_straight_3, infiniplex_forest_straight_5,
          infiniplex_forest_clump_diagonal, infiniplex_forest_end_double,
          infiniplex_forest_lined_corner, infiniplex_forest_side_room,
          infiniplex_forest_lined_2, infiniplex_forest_zigzag_1,
          gammafunk_ghost_arena, minivault_23, serial_bayou_crossing,
          uniq_natasha, uniq_grinder

Skill      XL: |  1 |
---------------+----+-----
Ranged Weapons | 4 |  4.5
Fighting       | |  2.0
Dodging        | |  1.5
Stealth        | |  1.5

Action                     || total
---------------------------++-------
   Fire: Shortbow          ||    50
Ability: Spit Poison       ||    25
    Use: Scroll            ||     3
 Armour: Leather armour    ||     3
  Dodge: Dodged            ||     8

Table legend:
 A = Non-vault XP
 B = Vault XP
 C = Vault XP percentage of total XP
 D = Non-vault monster count
 E = Vault monster count
 F = Vault count percentage of total count
                 A         B        C        D         E       F
            +---------+---------+-------+---------+---------+-------
      Total |      43 |       0 |   0.0 |      25 |       0 |   0.0
            +---------+---------+-------+---------+---------+-------
        D:1 |      28 |       0 |   0.0 |      18 |       0 |   0.0
        D:2 |      13 |       0 |   0.0 |       6 |       0 |   0.0
        D:3 |       2 |       0 |   0.0 |       1 |       0 |   0.0
            +---------+---------+-------+---------+---------+-------
